Unix NetHack Version 5.0.0-0 post-release - last build May 31 2026 23:59:36 (970b52f25bf058293b47ddfd14a1e40e571c508c,branch:main).

Game began 2026-06-01 01:19:52, ended 2026-06-01 19:56:08.

IanCurtis, chaotic male elven Wizard

 ----------             --------------------------------
 |...^....|             |..................[)..........|
 |>........#############|...------+-----.----..-----...|
 |`.......|            #|...|((.|  |.!.-.-..|--|!.*|...|    -----------
 ------.---            #|...|@..|  |%..|.|..|  |.%%|...|   #[.........|
       #               #|...|@.[|%.-----.---|  |...|...|    |.........|
       #              ##....-g---...........-+----|-...|   `..........|
       #           #####|....a.........................|   #..........|
   #####       #####   #|......(.{.-----|-.{...........-###)..........|
   #           #       #|....$...%.|.....|.............| )##..........|
   #           #        |...--|--..|.....|....---|-....| ## -----------
   #         ###        |...|.@.|-||.._..|.--||...|-...| #
   #         #          |...|+?+| .|....)|.| .|(((|..|..##
 --.-------  #          |...|++?| .|------.| .|(((|..-.|##
 |........-###          |...--------.......-----------.|
 |...<....|             |..............................|
 ----------             --------------------------------

IanCurtis the Thaumaturge  St:12 Dx:15 Co:16 In:16 Wi:13 Ch:9  Chaotic
Dlvl:8  $:67 HP:0(55) Pw:67(95) AC:8  Xp:8 T:7113 

Latest messages:
 You kill the tengu!
 Wizard needs food, badly!
 You stop searching.
 What do you want to eat? [fhN or ?*] ?
 A little goes a long way.
 You finish eating the lembas wafer.
 You are in full health.
 You hear the chime of a cash register.
 You hear someone reading a scroll of teleportation.
 You hear the chime of a cash register.
 You hear someone praising Thoth.
 You hear someone beseeching Thoth.
 You hear a chugging sound.
 You hear someone cursing shoplifters.
 In what direction? j
 This door is locked.
 Unlock it with your key? [ynq] (q) y
 You succeed in unlocking the door.
 In what direction? j
 The door opens.
 The killer bee stings!
 You kill the killer bee!
 You kill the killer bee!
 You kill the fox!
 The kitten bites!
 You hit the kitten!
 The kitten bites!
 The kitten bites!
 You kill the kitten!
 In what direction? j
 The spell misses the gargoyle.
 In what direction? j
 The spell misses the gargoyle.
 The gargoyle hits!
 The gargoyle hits again!
 The gargoyle bites!
 You hit the gargoyle!
 The gargoyle hits!
 The gargoyle hits again!
 The gargoyle bites!
 What do you want to write with? [- ac-emowFI or ?*] -
 You write in the dust with your fingertip.
 What do you want to write in the dust here? Elbereth
 The gargoyle turns to flee.
 The gargoyle hits!
 You die...
 Niskal gratefully inherits all your possessions.
 Kiltamagh looks at your corpse, shakes her head, and sighs.
 Do you want to see what you had when you died? [ynq] (y) y
 Do you want to see your attributes? [ynq] (y) q

Inventory:
 Coins    ('$')
  $ - 67 gold pieces
 Weapons  (')')
  a - a blessed +1 quarterstaff (weapon in hands)
 Armor    ('[')
  A - an uncursed +0 orcish helm (being worn)
  P - an uncursed +0 cloak of magic resistance (being worn)
 Comestibles  ('%')
  f - an uncursed tripe ration
  h - an uncursed lizard corpse
 Potions  ('!')
  i - a cursed potion of paralysis
 Rings    ('=')
  F - an uncursed ring of poison resistance
  e - an uncursed ring of shock resistance
 Wands    ('/')
  w - a wand of create monster (0:12)
  I - a wand of magic missile (0:6)
  c - a wand of undead turning (0:7)
 Tools    ('(')
  b - an uncursed bag of holding containing 24 items
  g - a bag of tricks (0:20)
  n - an uncursed tooled horn
  W - an uncursed magic lamp named magic
  d - a magic marker (0:31)
  m - a magic marker (0:19)
  Y - a blessed oil lamp
  k - an uncursed skeleton key
  R - 3 uncursed tallow candles
  o - an uncursed towel

Contents of the bag of holding:
  2 uncursed scrolls of confuse monster
  an uncursed scroll of destroy armor
  an uncursed scroll of enchant armor
  a cursed scroll of enchant weapon
  an uncursed scroll of genocide
  a cursed scroll of gold detection
  an uncursed scroll of identify
  2 cursed scrolls of identify
  an uncursed scroll of remove curse
  an uncursed scroll of scare monster
  an uncursed spellbook of confuse monster
  an uncursed spellbook of detect monsters
  an uncursed spellbook of detect monsters
  a blessed spellbook of force bolt
  an uncursed spellbook of healing
  an uncursed spellbook of remove curse
  a blessed potion of booze
  an uncursed potion of enlightenment
  a blessed potion of healing
  an uncursed potion of healing
  an uncursed potion of object detection
  an uncursed potion of restore ability
  2 uncursed potions of water
  a +0 pick-axe

IanCurtis the Wizard's attributes:

Background:
 You were a Thaumaturge, a level 8 male elven Wizard.
 You were chaotic, on a mission for Anhur
 who was opposed by Ptah (lawful) and Thoth (neutral).
 You were right-handed.
 You were in the Gnomish Mines, on level 8.
 You entered the dungeon 7113 turns ago.
 There was a full moon in effect when your adventure ended.
 You had 1878 experience points, 682 more were needed to attain level 9.

Basics:
 You had 0 out of 55 hit points.
 You had 67 out of 95 energy points (spell power).
 Your armor class was 8.
 Your wallet contained 67 zorkmids.
 Autopickup was off.

Final Characteristics:
 Your strength was 12 (limit:18).
 Your dexterity was 15 (limit:18).
 Your constitution was 16 (limit:16).
 Your intelligence was 16 (limit:20).
 Your wisdom was 13 (limit:20).
 Your charisma was 9 (limit:18).

Final Status:
 You weren't hungry.
 You were unencumbered.
 You were wielding a quarterstaff.
 You were skilled in quarterstaff and could have enhanced that.

Final Attributes:
 You were piously aligned.
 You were magic-protected.
 You were sleep resistant.
 You were poison resistant.
 You were telepathic.
 You had infravision.
 You were warded.
 You were lucky.
 You are dead.

Miscellaneous:
 You didn't encounter any bones levels.
 Total elapsed playing time was 1 hour, 39 minutes and 3 seconds.

Major events:
 Turn
    1: IanCurtis the chaotic male elven Wizard entered the dungeon
  679: attained the rank of Conjurer (level 3)
 1893: entered the Gnomish Mines
 2522: attained the rank of Thaumaturge (level 6)
 3375: reached Mine Town
 7113: killed by a gargoyle

Spells:
 Name                 Level Category     Fail Retention
 force bolt             1   attack         0%   61%-65%
 remove curse           3   clerical      93%   51%-75%
 detect monsters        1   divination     0%   51%-75%
 healing                1   healing        0%   61%-70%
 confuse monster        1   enchantment    0%   81%-90%

Skills:
 Fighting Skills
   bare handed combat [Unskilled]
   riding             [Unskilled]
 Weapon Skills
   dagger             [Unskilled]
   knife              [Unskilled]
   axe                [Unskilled]
   short sword        [Unskilled]
   club               [Unskilled]
   mace               [Unskilled]
   quarterstaff       [Skilled]
   polearms           [Unskilled]
   spear              [Unskilled]
   trident            [Unskilled]
   sling              [Unskilled]
   dart               [Unskilled]
   shuriken           [Unskilled]
 Spellcasting Skills
   attack spells      [Skilled]
   healing spells     [Basic]
   divination spells  [Unskilled]
   enchantment spells [Basic]
   clerical spells    [Unskilled]
   escape spells      [Unskilled]
   matter spells      [Unskilled]

Voluntary challenges:
 Character rerolling was not enabled.
 You never genocided any monsters.
 You never polymorphed an object.
 You never changed form.
 You used no wishes.
Achievements:
 You attained the rank of Conjurer.
 You entered a shop.
 You entered the Gnomish Mines.
 You attained the rank of Thaumaturge.
 You entered Minetown.
 You entered a temple.

 The Dungeons of Doom: levels 1 to 7
    Level 1:
       A fountain.
    Level 2:
       A potion shop.
    Level 3:
    Level 4:
       A fountain.
       Stairs down to The Gnomish Mines.
    Level 5:
       A fountain.
    Level 6:
       An armor shop, a fountain.
    Level 7:
 The Gnomish Mines: levels 5 to 9
    Level 5:
    Level 6:
    Level 7:
    Level 8: <- You were here.
       Many shops, a temple and an altar, some fountains.
       Final resting place for
          you, killed by a gargoyle.
    Level 9:


Vanquished creatures:
  a small mimic
  a pyrolisk
  a dwarf ruler
  2 tengu
  2 giant spiders
  a brown pudding
 an owlbear
  a yeti
  2 lizards
  a jaguar
  a dwarf leader
  a rope golem
  2 fire ants
  a bugbear
  6 Uruk-hai
 an orc shaman
  3 ponies
  2 shriekers
  7 gnome leaders
  4 gnomish wizards
  3 kobold mummies
 an elf zombie
  a straw golem
  3 giant ants
  3 floating eyes
  2 kittens
 10 dwarves
  a homunculus
  a kobold leader
  3 kobold shamans
  3 hill orcs
  2 rothes
  2 giant bats
  a monkey
 an orc zombie
  a dwarf zombie
  a werejackal
 an iguana
  6 killer bees
  2 acid blobs
  3 coyotes
  3 hobbits
 10 manes
  2 hobgoblins
  a giant rat
  2 cave spiders
  a yellow mold
 33 gnomes
  4 geckos
  a jackal
  2 foxes
  2 goblins
  7 sewer rats
  5 grid bugs
  4 bats
  6 lichens
  a kobold zombie
  5 newts
181 creatures vanquished.

No species were genocided or became extinct.

Game over:
                       ----------
                      /          \
                     /    REST    \
                    /      IN      \
                   /     PEACE      \
                  /                  \
                  |    IanCurtis     |
                  |      67 Au       |
                  |   killed by a    |
                  |     gargoyle     |
                  |                  |
                  |                  |
                  |       2026       |
                 *|     *  *  *      | *
        _________)/\\_//(\/(/\)/\//\/|_)_______

Goodbye IanCurtis the Wizard...

You died in The Gnomish Mines on dungeon level 8 with 7973 points,
and 67 pieces of gold, after 7113 moves.
You were level 8 with a maximum of 55 hit points when you died.

